[Event "ICC tourney 3242 (30 10)"]
[Site "Internet Chess Club"]
[Date "2023.07.22"]
[Round "1"]
[White "Gonzalez, Nahum Pepe:nahumgonzalez"]
[Black "Hatherill, Charles W:kingsgambit50"]
[Result "1-0"]
[ICCResult "Black resigns"]
[WhiteElo "1617"]
[BlackElo "1343"]
[Opening "English opening"]
[ECO "A15"]
[NIC "EO.64"]
[Time "12:00:09"]
[PlyCount "45"]
[TimeControl "1800+10"]

1. c4 Nf6 2. Nf3 d5 3. cxd5 Nxd5 4. g3 Bg4 5. Ne5 Bh5 6. Bg2 Qc8 7. Bxd5 e6
8. Bf3 Bxf3 9. Nxf3 Nc6 10. d4 Bb4+ 11. Bd2 Bxd2+ 12. Qxd2 O-O 13. O-O a6
14. Nc3 Ne7 15. e4 c6 16. Rac1 Qd8 17. Rfd1 Ng6 18. d5 exd5 19. exd5 Qc8 20.
dxc6 bxc6 21. Nd5 cxd5 22. Rxc8 Raxc8 23. Qxd5 {Black resigns} 1-0

[Event "ICC tourney 3242 (30 10)"]
[Site "Internet Chess Club"]
[Date "2023.07.22"]
[Round "1"]
[White "STINSON, RUSSELL:rcstinson"]
[Black "Abdurasulov, Nurmukhammad:Nur2010"]
[Result "0-1"]
[ICCResult "White resigns"]
[WhiteElo "1567"]
[BlackElo "1251"]
[Opening "Nimzovich-Larsen attack: modern variation"]
[ECO "A01"]
[NIC "VO.08"]
[Time "12:00:07"]
[PlyCount "98"]
[TimeControl "1800+10"]

1. b3 e5 2. Bb2 Nc6 3. e3 d5 4. Bb5 Bd6 5. c4 dxc4 6. Nf3 cxb3 7. Nxe5 Bxe5
8. Bxe5 Qg5 9. Bxc6+ bxc6 10. Bg3 b2 11. Nc3 bxa1=Q 12. Qxa1 Nf6 13. O-O O-O
14. Bxc7 Ba6 15. Rc1 Rac8 16. Bg3 Rfd8 17. d4 c5 18. Ne2 Bxe2 19. dxc5 Rxc5
20. Re1 Ba6 21. Qb1 Rdc8 22. Rd1 h6 23. h4 Qg4 24. Qb3 Qxd1+ 25. Qxd1 Rc1
26. Qxc1 Rxc1+ 27. Kh2 Ng4+ 28. Kh3 Bc8 29. Bb8 Nxe3+ 30. Kg3 Nf5+ 31. Kf4
Rc4+ 32. Ke5 f6+ 33. Kd5 Rd4+ 34. Kc5 Ra4 35. h5 Rxa2 36. g4 Rc2+ 37. Kb5
Rb2+ 38. Kc5 Rxb8 39. gxf5 Rb7 40. f4 a5 41. Kd6 a4 42. Kc5 a3 43. Kd6 a2
44. Kc5 a1=Q 45. Kd6 Qd4+ 46. Kc6 Qd7+ 47. Kc5 Rb5+ 48. Kc4 Qd5+ 49. Kc3
Rb3+ {White resigns} 0-1

[Event "ICC tourney 3242 (30 10)"]
[Site "Internet Chess Club"]
[Date "2023.07.22"]
[Round "1"]
[White "DHANASEKAR, RAKSHITA:rooku2211"]
[Black "SCHROMBECK, JON A:GHOST375"]
[Result "1-0"]
[ICCResult "Black resigns"]
[WhiteElo "1205"]
[BlackElo "1530"]
[Opening "Sicilian: Taimanov variation"]
[ECO "B46"]
[NIC "SI.39"]
[Time "12:01:02"]
[PlyCount "67"]
[TimeControl "1800+10"]

1. e4 c5 2. Nf3 e6 3. d4 cxd4 4. Nxd4 Nc6 5. Nc3 a6 6. Be3 Bb4 7. Qd2 d5 8.
Be2 Nf6 9. Nxc6 bxc6 10. exd5 exd5 11. f3 O-O 12. O-O c5 13. a3 Ba5 14. Bxc5
Re8 15. Kh1 Bb6 16. Bxb6 Qxb6 17. b4 Bb7 18. Rfe1 d4 19. Na4 Qd6 20. Nc5 Bc8
21. Rad1 Nh5 22. Qxd4 Ng3+ 23. hxg3 Qxg3 24. Kg1 Bh3 25. Qf2 Qg5 26. Bxa6
Rxe1+ 27. Rxe1 h6 28. Bd3 f5 29. a4 Rb8 30. b5 Rc8 31. Ne6 Qf6 32. Nf4 Bg4
33. fxg4 fxg4 34. Nd5 {Black resigns} 1-0

[Event "ICC tourney 3242 (30 10)"]
[Site "Internet Chess Club"]
[Date "2023.07.22"]
[Round "1"]
[White "Anand, Anirudh:AnirudhAnand"]
[Black "SCHWETKE, DOUGLAS:Bilbo"]
[Result "0-1"]
[ICCResult "White checkmated"]
[WhiteElo "1004"]
[BlackElo "1500"]
[Opening "King's pawn opening"]
[ECO "B07"]
[NIC "VO.17"]
[Time "12:00:10"]
[PlyCount "68"]
[TimeControl "1800+10"]

1. e4 d6 2. f4 Nf6 3. Nc3 g6 4. Nf3 Bg7 5. e5 Nfd7 6. d4 c5 7. Be3 O-O 8.
Qd2 Nc6 9. O-O-O a6 10. d5 Na7 11. exd6 exd6 12. h4 Nf6 13. Bd3 b5 14. f5 c4
15. Be2 Bxf5 16. Nd4 Bg4 17. Bxg4 Nxg4 18. h5 Nxe3 19. Qxe3 Re8 20. Qd2 b4
21. Nce2 c3 22. bxc3 bxc3 23. Nxc3 Qa5 24. hxg6 Qa3+ 25. Kb1 Rab8+ 26. Nb3
fxg6 27. Qf2 Nb5 28. Rd3 Nxc3+ 29. Rxc3 Rf8 30. Qh4 h5 31. Rhh3 Rb4 32. Qe1
a5 33. Qe6+ Kh7 34. Qxd6 Rf1# {White checkmated} 0-1

[Event "ICC tourney 3242 (30 10)"]
[Site "Internet Chess Club"]
[Date "2023.07.22"]
[Round "1"]
[White "Hamlett, James Morrison:Hamlett144"]
[Black "Yang, Daniel Benji Benji:DanielYang99"]
[Result "1/2-1/2"]
[ICCResult "Game drawn by mutual agreement"]
[WhiteElo "1413"]
[BlackElo "1670"]
[Opening "Evans gambit"]
[ECO "C52"]
[NIC "IG.05"]
[Time "12:00:18"]
[PlyCount "53"]
[TimeControl "1800+10"]

1. e4 e5 2. Nf3 Nc6 3. Bc4 Bc5 4. b4 Bxb4 5. c3 Ba5 6. d4 d6 7. dxe5 dxe5 8.
Qxd8+ Kxd8 9. Bxf7 Nf6 10. Bg5 h6 11. Bxf6+ gxf6 12. O-O Ke7 13. Bd5 Rh7 14.
Nfd2 Rg7 15. g3 Be6 16. Nc4 Bb6 17. Nxb6 axb6 18. Bxe6 Kxe6 19. Rd1 Na5 20.
Na3 c6 21. Rd2 Rd7 22. Rad1 Rxd2 23. Rxd2 Nb3 24. axb3 Rxa3 25. Rb2 Ra1+ 26.
Kg2 Rc1 27. c4 {Game drawn by mutual agreement} 1/2-1/2

[Event "ICC tourney 3242 (30 10)"]
[Site "Internet Chess Club"]
[Date "2023.07.22"]
[Round "1"]
[White "tammineni, ram:ramtammineni"]
[Black "WILSON, DARRYL J:Combo4U2"]
[Result "1-0"]
[ICCResult "Black resigns"]
[WhiteElo "1520"]
[BlackElo "1201"]
[Opening "Vienna game"]
[ECO "C25"]
[NIC "VG.04"]
[Time "12:24:24"]
[PlyCount "147"]
[TimeControl "1800+10"]

1. e4 e5 2. Nc3 d6 3. Bc4 Nc6 4. d3 Nf6 5. h3 Be7 6. Nf3 O-O 7. O-O a6 8.
Be3 Bd7 9. Bb3 Qe8 10. Re1 Bd8 11. Bg5 h6 12. Bxf6 Bxf6 13. Nd5 Bd8 14. Qd2
Be6 15. Rad1 Qd7 16. Kh2 Kh7 17. d4 exd4 18. Nxd4 Ne5 19. Nxe6 fxe6 20. Nf4
Bg5 21. Bxe6 Qe7 22. g3 Bxf4 23. gxf4 Qxe6 24. fxe5 Qxe5+ 25. Kg2 Rf6 26.
Qd5 Rg6+ 27. Kh1 Qf6 28. Qf5 Qxb2 29. Rg1 Qf6 30. Rxg6 Qxg6 31. Qxg6+ Kxg6
32. f3 Rf8 33. Kg2 Kg5 34. Rb1 b5 35. Rd1 Kf4 36. Rd5 g6 37. Rd3 Rf7 38. Rc3
Rd7 39. Rc6 a5 40. Ra6 a4 41. Ra7 Ke5 42. Rb7 d5 43. Rxb5 c6 44. Ra5 Kd4 45.
Rxa4+ Kc3 46. exd5 cxd5 47. Ra6 Rg7 48. Rd6 Kxc2 49. Rxd5 Kb2 50. Ra5 Kc3
51. Ra8 Kb4 52. a4 g5 53. Kg3 h5 54. a5 Kb5 55. a6 Kb6 56. a7 Kb7 57. Rh8
h4+ 58. Kg4 Kxa7 59. Rh5 Kb6 60. Rxg5 Rh7 61. f4 Kc6 62. Rh5 Rg7+ 63. Rg5
Rh7 64. Re5 Kd6 65. Re1 Kd5 66. f5 Kd6 67. f6 Kd7 68. Kg5 Kd6 69. Kg6 Rb7
70. f7 Rb3 71. f8=Q+ Kc6 72. Qe8+ Kc5 73. Rc1+ Kd4 74. Qa4+ {Black resigns}
1-0

[Event "ICC tourney 3242 (30 10)"]
[Site "Internet Chess Club"]
[Date "2023.07.22"]
[Round "1"]
[White "DHURJATI, ANAGHA:amdink"]
[Black "HAO, RYAN:Ryan334"]
[Result "1-0"]
[ICCResult "Black checkmated"]
[WhiteElo "1322"]
[BlackElo "1609"]
[Opening "Giuoco Piano"]
[ECO "C54"]
[NIC "IG.02"]
[Time "12:00:27"]
[PlyCount "75"]
[TimeControl "1800+10"]

1. e4 e5 2. Nf3 Nc6 3. Bc4 Bc5 4. c3 Nf6 5. d4 exd4 6. e5 d5 7. Bb5 Ne4 8.
cxd4 Bb6 9. O-O Bg4 10. Be3 O-O 11. Bxc6 bxc6 12. h3 Bh5 13. g4 Bg6 14. Nbd2
f6 15. Nh4 Nxd2 16. Qxd2 Bf7 17. Nf5 fxe5 18. Bg5 Qd7 19. dxe5 Rfe8 20. Rfe1
Be6 21. Qf4 Rf8 22. Re2 Bxf5 23. gxf5 Rxf5 24. e6 Rxf4 25. exd7 Rff8 26.
d8=Q Raxd8 27. Bxd8 Rxd8 28. Rae1 Kf8 29. b4 d4 30. Rc2 Rd6 31. Rec1 d3 32.
Rd2 Rf6 33. Rc3 Rf4 34. Rcxd3 Rxb4 35. Re2 Ra4 36. Rf3+ Rf4 37. Rxf4+ Kg8
38. Re8# {Black checkmated} 1-0

[Event "ICC tourney 3242 (30 10)"]
[Site "Internet Chess Club"]
[Date "2023.07.22"]
[Round "1"]
[White "PRABHSIMRAN SINGH:Prabhsimran13"]
[Black "WU, DARREN:chessboy111"]
[Result "1-0"]
[ICCResult "Black resigns"]
[WhiteElo "1650"]
[BlackElo "1373"]
[Opening "Caro-Kann: Steinitz variation"]
[ECO "B17"]
[NIC "CK.08"]
[Time "12:00:15"]
[PlyCount "79"]
[TimeControl "1800+10"]

1. e4 c6 2. d4 d5 3. Nc3 dxe4 4. Nxe4 Nd7 5. Nf3 Ngf6 6. Ng3 e6 7. Bd3 c5 8.
Be3 b6 9. O-O Bb7 10. c3 Be7 11. Re1 O-O 12. Qe2 Qc7 13. Rad1 Rfd8 14. Bc1
Rac8 15. Ng5 Nf8 16. dxc5 Bxc5 17. Nh5 Be7 18. Bf4 Qc6 19. Nxf6+ gxf6 20.
Be4 Qc4 21. Qxc4 Rxc4 22. Bxb7 Rxf4 23. Rxd8 Bxd8 24. Ne4 Bc7 25. g3 Rf5 26.
Kg2 Kg7 27. b4 a5 28. a3 a4 29. Rd1 h5 30. Bc6 b5 31. Nd6 Bxd6 32. Rxd6 Kg8
33. Rd8 Kg7 34. Rb8 Ng6 35. Rxb5 Rxb5 36. Bxb5 Ne7 37. Bxa4 f5 38. c4 Kf6
39. Bb3 Ke5 40. a4 {Black resigns} 1-0

[Event "ICC tourney 3242 (30 10)"]
[Site "Internet Chess Club"]
[Date "2023.07.22"]
[Round "1"]
[White "SAHOO, OJAS:ojasarohan"]
[Black "SULTAN, BASHIR Cisse:muzikmixer"]
[Result "1-0"]
[ICCResult "Black resigns"]
[WhiteElo "1352"]
[BlackElo "1618"]
[Opening "French: Albin-Alekhine-Châtard attack, Maróczy variation"]
[ECO "C13"]
[NIC "FR.06"]
[Time "12:00:13"]
[PlyCount "133"]
[TimeControl "1800+10"]

1. e4 e6 2. d4 d5 3. Nc3 Nf6 4. Bg5 Be7 5. e5 Nfd7 6. h4 a6 7. Qg4 f5 8. Qg3
O-O 9. Nf3 Qe8 10. Bd3 c5 11. O-O-O Nc6 12. h5 Bxg5+ 13. Nxg5 cxd4 14. h6 g6
15. Ne2 Ndxe5 16. Nf4 Nf7 17. Nxh7 Nfe5 18. Nxf8 Qxf8 19. h7+ Kh8 20. Nxg6+
Nxg6 21. Qxg6 Bd7 22. Rh2 Qg7 23. Qxg7+ Kxg7 24. Rdh1 Rh8 25. Rh5 Be8 26.
Rg5+ Bg6 27. g4 Kf6 28. f4 Rxh7 29. Rxg6+ Kxg6 30. gxf5+ exf5 31. Bxf5+ Kxf5
32. Rxh7 Na5 33. Rh5+ Ke4 34. Re5+ Kxf4 35. Rxd5 Nc6 36. Rd7 Na5 37. Rxd4+
Ke5 38. Rh4 Kd6 39. Rh6+ Kc7 40. b3 Nc6 41. Rh7+ Kb8 42. Rh8+ Ka7 43. Rh1
Nb4 44. Kb2 Nc6 45. a3 a5 46. Rh4 Kb6 47. c4 Kc5 48. Kc3 b6 49. b4+ axb4+
50. axb4+ Kd6 51. Rh6+ Kc7 52. Rh7+ Kb8 53. b5 Nd8 54. Kb4 Nb7 55. Rh6 Ka7
56. Rc6 Nd8 57. Rh6 Nb7 58. Rh7 Kb8 59. Kc3 Nc5 60. Kd4 Nb3+ 61. Ke5 Nd2 62.
Kd5 Ka8 63. Rh4 Kb7 64. Kd6 Ka7 65. Kc6 Kb8 66. Kxb6 Kc8 67. c5 {Black
resigns} 1-0

[Event "ICC tourney 3242 (30 10)"]
[Site "Internet Chess Club"]
[Date "2023.07.22"]
[Round "1"]
[White "KISHORE, KAVISH:K03-16800564"]
[Black "Howell, Natalie:natalieH"]
[Result "1-0"]
[ICCResult "Black checkmated"]
[WhiteElo "1448"]
[BlackElo "980"]
[Opening "QGD: Marshall defense"]
[ECO "D06"]
[NIC "QP.08"]
[Time "12:00:12"]
[PlyCount "107"]
[TimeControl "1800+10"]

1. d4 d5 2. c4 Nf6 3. cxd5 Qxd5 4. Nc3 Qd8 5. e4 e5 6. d5 Bd6 7. Nf3 Bg4 8.
Be2 Bxf3 9. Bxf3 Nbd7 10. O-O O-O 11. a3 a6 12. b4 Qe7 13. Be3 a5 14. bxa5
Bxa3 15. Nb5 Rxa5 16. Nxc7 Rc8 17. d6 Bxd6 18. Rxa5 Bxc7 19. Rb5 b6 20. Qa4
Rb8 21. Rc1 Qd6 22. Qa7 Bd8 23. Rd1 Qc7 24. Qa3 h6 25. Rc1 Qb7 26. Qd6 Kh8
27. h3 Ne8 28. Qd3 Nef6 29. Qc4 Kg8 30. Rd1 Kf8 31. Qb4+ Be7 32. Qd2 Kg8 33.
Qd3 Nc5 34. Bxc5 Bxc5 35. Qc4 Be7 36. Rxe5 Rc8 37. Qd4 Bc5 38. Qd3 Qc7 39.
Qc3 Nd7 40. Red5 Nf6 41. R5d3 b5 42. Qb3 Qb6 43. Qb2 b4 44. e5 Ne8 45. Rd7
Rc7 46. Rd8 Kf8 47. R8d2 g6 48. e6 Qxe6 49. Qh8+ Ke7 50. Re2 Qxe2 51. Bxe2
b3 52. Qe5+ Kf8 53. Rd8 Be7 54. Qh8# {Black checkmated} 1-0

[Event "ICC tourney 3242 (30 10)"]
[Site "Internet Chess Club"]
[Date "2023.07.22"]
[Round "2"]
[White "HAO, RYAN:Ryan334"]
[Black "Hatherill, Charles W:kingsgambit50"]
[Result "1-0"]
[ICCResult "Black resigns"]
[WhiteElo "1609"]
[BlackElo "1343"]
[Opening "Scandinavian (center counter) defense"]
[ECO "B01"]
[NIC "SD.02"]
[Time "14:00:28"]
[PlyCount "67"]
[TimeControl "1800+10"]

1. e4 d5 2. exd5 Qxd5 3. Nc3 Qd8 4. Nf3 Nf6 5. d4 a6 6. Be2 Bf5 7. Bf4 e6 8.
O-O Bd6 9. Bg3 Bxg3 10. fxg3 Bg6 11. Qd2 Nc6 12. Rad1 Nb4 13. Ne1 Nbd5 14.
Nxd5 Qxd5 15. c4 Qd7 16. Bf3 O-O-O 17. b4 h5 18. Nc2 h4 19. b5 Be4 20. bxa6
bxa6 21. Qe2 Bxf3 22. Qxf3 c6 23. Nb4 Kb7 24. Qb3 Ka7 25. Qa4 Ka8 26. Qxa6+
Qa7 27. Qxa7+ Kxa7 28. Nxc6+ Kb7 29. Nxd8+ Rxd8 30. gxh4 Rd7 31. Rb1+ Kc6
32. Rfd1 Ne4 33. Rd3 Nf2 34. Kxf2 {Black resigns} 1-0

[Event "ICC tourney 3242 (30 10)"]
[Site "Internet Chess Club"]
[Date "2023.07.22"]
[Round "2"]
[White "SCHWETKE, DOUGLAS:Bilbo"]
[Black "DHANASEKAR, RAKSHITA:rooku2211"]
[Result "0-1"]
[ICCResult "White resigns"]
[WhiteElo "1500"]
[BlackElo "1205"]
[Opening "QGD: 4.Bg5"]
[ECO "D50"]
[NIC "QO.16"]
[Time "14:00:26"]
[PlyCount "76"]
[TimeControl "1800+10"]

1. d4 d5 2. c4 e6 3. Nc3 Nf6 4. Bg5 dxc4 5. e4 Be7 6. Bxc4 O-O 7. Nf3 h6 8.
Be3 Nbd7 9. O-O b6 10. d5 exd5 11. Nxd5 Nxe4 12. Nxe7+ Qxe7 13. Re1 Bb7 14.
Rc1 Rfd8 15. Qc2 Ndf6 16. Bf4 Qc5 17. Be3 Qe7 18. Bf4 c5 19. Ne5 Bd5 20.
Bxd5 Rxd5 21. Rxe4 Nxe4 22. Qxe4 Rad8 23. h3 f6 24. Qc4 fxe5 25. Bg3 Kh8 26.
Re1 Rd4 27. Qc3 e4 28. Kh2 Rd3 29. Qc4 e3 30. fxe3 Rxe3 31. Rf1 Qg5 32. Bh4
Qe5+ 33. Qf4 Qxf4+ 34. Rxf4 Rd2 35. Rf8+ Kh7 36. Rf7 Ree2 37. Bf6 Kg6 38.
Bc3 Kxf7 {White resigns} 0-1

[Event "ICC tourney 3242 (30 10)"]
[Site "Internet Chess Club"]
[Date "2023.07.22"]
[Round "2"]
[White "WILSON, DARRYL J:Combo4U2"]
[Black "STINSON, RUSSELL:rcstinson"]
[Result "0-1"]
[ICCResult "White resigns"]
[WhiteElo "1201"]
[BlackElo "1567"]
[Opening "Sicilian defense"]
[ECO "B20"]
[NIC "SI.48"]
[Time "14:00:26"]
[PlyCount "134"]
[TimeControl "1800+10"]

1. e4 c5 2. d3 e6 3. c3 Nc6 4. Qc2 d6 5. Nf3 Nf6 6. Nbd2 Be7 7. Be2 O-O 8.
b3 Re8 9. Bb2 d5 10. e5 Nd7 11. d4 b6 12. c4 Bb7 13. a3 cxd4 14. O-O Rc8 15.
Bd3 h6 16. Rfe1 dxc4 17. bxc4 Nc5 18. Rad1 Nxd3 19. Qxd3 Qc7 20. Nb3 Red8
21. Re4 Nxe5 22. Nxe5 Bxe4 23. Qxe4 f6 24. Ng6 e5 25. Nd2 Kf7 26. g3 Qc6 27.
Qf5 Qe6 28. Qh5 Kg8 29. Nh4 Rc5 30. Nf5 e4 31. g4 e3 32. Qg6 Rxf5 33. gxf5
exf2+ 34. Kxf2 Qe3+ 35. Kf1 Bxa3 36. Bxa3 Qxa3 37. Re1 Qa4 38. Re7 Qd1+ 39.
Kf2 Qxd2+ 40. Kg3 Qg5+ 41. Qxg5 hxg5 42. Re1 Kf7 43. Kf3 a5 44. Rb1 Rd6 45.
Ke4 d3 46. Rd1 d2 47. Ke3 a4 48. Rxd2 Rxd2 49. Kxd2 Ke7 50. Kc3 Kd6 51. Kb4
a3 52. Kxa3 Kc5 53. Kb3 b5 54. cxb5 Kxb5 55. Kc3 Kc5 56. Kd3 Kd5 57. Ke3 Ke5
58. Kf3 Kxf5 59. h3 Kg6 60. Kg3 f5 61. Kf3 Kh5 62. Kg3 g6 63. Kf3 Kh4 64.
Kg2 f4 65. Kh2 f3 66. Kg1 Kxh3 67. Kf2 Kg4 {White resigns} 0-1

[Event "ICC tourney 3242 (30 10)"]
[Site "Internet Chess Club"]
[Date "2023.07.22"]
[Round "2"]
[White "Abdurasulov, Nurmukhammad:Nur2010"]
[Black "tammineni, ram:ramtammineni"]
[Result "1-0"]
[ICCResult "Black checkmated"]
[WhiteElo "1251"]
[BlackElo "1520"]
[Opening "QGD: Orthodox defense, Botvinnik variation"]
[ECO "D60"]
[NIC "QO.12"]
[Time "14:00:23"]
[PlyCount "67"]
[TimeControl "1800+10"]

1. d4 e6 2. c4 d5 3. Nc3 Nf6 4. Bg5 Be7 5. Nf3 Nbd7 6. e3 O-O 7. Bd3 h6 8.
Bh4 dxc4 9. Bxc4 Nb6 10. Bd3 Bd7 11. Ne5 Re8 12. Qf3 Rb8 13. O-O Rf8 14.
Bxf6 Bxf6 15. Qe4 Re8 16. Qh7+ Kf8 17. Nxd7+ Qxd7 18. Ne4 Ke7 19. Nxf6 gxf6
20. Qxh6 Rh8 21. Qf4 Rbg8 22. Rac1 Nd5 23. Qf3 Qd6 24. h3 c6 25. Rfd1 Rg7
26. Bf1 Rhg8 27. e4 Qf4 28. Qa3+ Kd7 29. exd5 exd5 30. Re1 Kc8 31. Qxa7 Qf5
32. Rxc6+ bxc6 33. Ba6+ Kd8 34. Qe7# {Black checkmated} 1-0

[Event "ICC tourney 3242 (30 10)"]
[Site "Internet Chess Club"]
[Date "2023.07.22"]
[Round "2"]
[White "SCHROMBECK, JON A:GHOST375"]
[Black "Anand, Anirudh:AnirudhAnand"]
[Result "0-1"]
[ICCResult "White checkmated"]
[WhiteElo "1530"]
[BlackElo "1004"]
[Opening "King's knight's gambit"]
[ECO "C34"]
[NIC "KG.02"]
[Time "14:00:26"]
[PlyCount "140"]
[TimeControl "1800+10"]

1. e4 e5 2. f4 exf4 3. Nf3 Nc6 4. d4 d6 5. Bb5 Bd7 6. O-O Be7 7. Bxf4 Nf6 8.
Re1 O-O 9. c3 a6 10. Bd3 h6 11. e5 Nd5 12. Bg3 dxe5 13. dxe5 Nb6 14. Nbd2
Re8 15. Ne4 Rc8 16. Bf2 Be6 17. b3 f5 18. exf6 Bxf6 19. Nxf6+ Qxf6 20. Rc1
Rcd8 21. Qc2 Bg4 22. Bh7+ Kh8 23. Bg6 Rxe1+ 24. Rxe1 Bxf3 25. gxf3 Ne5 26.
Be4 Nxf3+ 27. Bxf3 Qxf3 28. Bg3 Qh5 29. Bxc7 Qc5+ 30. Qf2 Qxc7 31. c4 Nd7
32. Re7 Qc5 33. Re3 Qg5+ 34. Rg3 Qc1+ 35. Kg2 Rf8 36. Qg1 Qxg1+ 37. Kxg1 Re8
38. Kf1 Nf6 39. Rd3 Kh7 40. b4 g5 41. a4 h5 42. b5 axb5 43. axb5 g4 44. c5
Rc8 45. Rc3 Kg6 46. c6 bxc6 47. b6 h4 48. Kg2 Nd5 49. b7 Rb8 50. Rxc6+ Kf7
51. Rd6 Nf4+ 52. Kf1 Rxb7 53. Rd4 Rb1+ 54. Kf2 Nh3+ 55. Ke3 Rb3+ 56. Kd2 g3
57. hxg3 hxg3 58. Rg4 Kf6 59. Rh4 g2 60. Rg4 g1=Q 61. Rxg1 Nxg1 62. Kc2 Rh3
63. Kd2 Ke5 64. Ke1 Rh2 65. Kf1 Ra2 66. Kxg1 Kf4 67. Kf1 Ke3 68. Kg1 Kf3 69.
Kh1 Kg3 70. Kg1 Ra1# {White checkmated} 0-1

[Event "ICC tourney 3242 (30 10)"]
[Site "Internet Chess Club"]
[Date "2023.07.22"]
[Round "2"]
[White "PENTI, TANISH:Tanishpenti18"]
[Black "KISHORE, KAVISH:K03-16800564"]
[Result "0-1"]
[ICCResult "White checkmated"]
[WhiteElo "626"]
[BlackElo "1448"]
[Opening "Sicilian defense"]
[ECO "B20"]
[NIC "SI.48"]
[Time "14:02:41"]
[PlyCount "74"]
[TimeControl "1800+10"]

1. e4 c5 2. c4 d6 3. d3 Nc6 4. Nc3 Nf6 5. Bg5 e6 6. Nf3 Be7 7. Bxf6 Bxf6 8.
Be2 O-O 9. O-O a6 10. a3 Rb8 11. Rb1 b5 12. cxb5 axb5 13. Qd2 Qa5 14. Na2 b4
15. h3 Qa7 16. Qc1 bxa3 17. bxa3 Rxb1 18. Qxb1 Qxa3 19. Bd1 Ba6 20. Bc2 Rb8
21. Qd1 Qxa2 22. Ba4 Bxd3 23. Re1 Bc3 24. Bxc6 Bxe1 25. Nxe1 Rb1 26. Qxd3
Rxe1+ 27. Kh2 Qxf2 28. e5 Qg1+ 29. Kg3 Re3+ 30. Qxe3 Qxe3+ 31. Bf3 Qxe5+ 32.
Kf2 d5 33. g3 d4 34. Be2 Qe3+ 35. Ke1 d3 36. Kd1 Qxe2+ 37. Kc1 Qc2#
{White checkmated}
0-1

[Event "ICC tourney 3242 (30 10)"]
[Site "Internet Chess Club"]
[Date "2023.07.22"]
[Round "2"]
[White "SAHOO, OJAS:ojasarohan"]
[Black "PRABHSIMRAN SINGH:Prabhsimran13"]
[Result "0-1"]
[ICCResult "White resigns"]
[WhiteElo "1352"]
[BlackElo "1650"]
[Opening "French: exchange variation"]
[ECO "B01"]
[NIC "VO.17"]
[Time "14:00:26"]
[PlyCount "58"]
[TimeControl "1800+10"]

1. e4 d5 2. exd5 e6 3. d4 exd5 4. Bd3 Nf6 5. c3 Bd6 6. Nf3 Be6 7. O-O h6 8.
Re1 O-O 9. h3 Nbd7 10. Qc2 c5 11. b3 Re8 12. Ne5 Rc8 13. Qb2 cxd4 14. cxd4
Ne4 15. Bxe4 dxe4 16. Nxd7 Qxd7 17. Nc3 Bb4 18. Re3 f5 19. Ne2 Bd6 20. Bd2
Bb8 21. Rc1 Qf7 22. Rec3 f4 23. f3 exf3 24. Rxf3 Bd5 25. Rf2 f3 26. Nc3 Qc7
27. Rxf3 Qh2+ 28. Kf1 Bxf3 29. gxf3 Qxh3+ {White resigns} 0-1

[Event "ICC tourney 3242 (30 10)"]
[Site "Internet Chess Club"]
[Date "2023.07.22"]
[Round "2"]
[White "DHURJATI, ANAGHA:amdink"]
[Black "Gonzalez, Nahum Pepe:nahumgonzalez"]
[Result "1-0"]
[ICCResult "Black resigns"]
[WhiteElo "1322"]
[BlackElo "1617"]
[Opening "Caro-Kann: advance variation"]
[ECO "B12"]
[NIC "CK.04"]
[Time "14:00:26"]
[PlyCount "129"]
[TimeControl "1800+10"]

1. e4 c6 2. d4 d5 3. e5 Bf5 4. Nf3 e6 5. Be2 c5 6. c3 Nc6 7. O-O h6 8. Nbd2
Bg6 9. dxc5 Bxc5 10. Nb3 Bb6 11. Nbd4 Nge7 12. Be3 O-O 13. a4 Bc7 14. Nxc6
bxc6 15. Bc5 Re8 16. Nd4 Bxe5 17. Bxe7 Qxe7 18. Nxc6 Bxh2+ 19. Kxh2 Qc7+ 20.
Kg1 Qxc6 21. Bb5 Qc5 22. Bxe8 Rxe8 23. Qd4 Qc7 24. b3 Bc2 25. b4 Bb3 26.
Rfe1 Rc8 27. Re3 Qe7 28. Rg3 g6 29. Qe3 Kg7 30. Qe5+ f6 31. Qh5 Qf7 32. Qe2
Bc4 33. Qe3 e5 34. Rh3 g5 35. Re1 Rc7 36. Rg3 Qg6 37. Qd2 Kh7 38. Rh3 Re7
39. b5 f5 40. Qb2 e4 41. Qb4 Rb7 42. Qf8 Rf7 43. Rxh6+ Qxh6 44. Qxf7+ Qg7
45. Qxf5+ Qg6 46. Qd7+ Kh6 47. f3 Qb6+ 48. Kh1 Qf2 49. Qh3+ Kg7 50. Rg1 Be2
51. Qd7+ Kh6 52. Qh3+ Kg7 53. fxe4 dxe4 54. Qd7+ Kh6 55. Qe6+ Kg7 56. Qxe4
Qg3 57. Qd4+ Kh6 58. Qf6+ Kh7 59. Qf5+ Kg7 60. Qh3 Qf4 61. Re1 Bg4 62. Qe3
Qf5 63. Qe5+ Kg6 64. Qxf5+ Bxf5 65. Re7 {Black resigns} 1-0

[Event "ICC tourney 3242 (30 10)"]
[Site "Internet Chess Club"]
[Date "2023.07.22"]
[Round "2"]
[White "Yang, Daniel Benji Benji:DanielYang99"]
[Black "Singh, Saharsh:saharshsingh02"]
[Result "1-0"]
[ICCResult "Black checkmated"]
[WhiteElo "1670"]
[BlackElo "1039"]
[Opening "Scandinavian (center counter) defense"]
[ECO "B01"]
[NIC "SD.01"]
[Time "14:00:27"]
[PlyCount "73"]
[TimeControl "1800+10"]

1. e4 d5 2. exd5 Qxd5 3. Nc3 Qa5 4. g3 Nf6 5. Bg2 g6 6. d4 c6 7. Nf3 Bg7 8.
O-O O-O 9. Re1 Re8 10. Ne5 Nbd7 11. Nc4 Qd8 12. Qe2 h5 13. Bf4 Kh7 14. Rad1
e6 15. Nd6 Rf8 16. h3 Bh6 17. Qd2 Bxf4 18. Qxf4 Kg7 19. Re3 Qc7 20. Nf5+
gxf5 21. Qxc7 Nb6 22. Qf4 Nbd5 23. Nxd5 cxd5 24. Qg5+ Kh8 25. Qxf6+ Kh7 26.
g4 Bd7 27. gxh5 Rac8 28. Rg3 Rg8 29. Qxf7+ Kh8 30. Rxg8+ Rxg8 31. Qxd7 Rg5
32. Qxe6 Rxh5 33. Qe8+ Kg7 34. Qxh5 Kf6 35. Re1 b5 36. Qh6+ Kf7 37. Bxd5#
{Black checkmated}
1-0

[Event "ICC tourney 3242 (30 10)"]
[Site "Internet Chess Club"]
[Date "2023.07.22"]
[Round "2"]
[White "SULTAN, BASHIR Cisse:muzikmixer"]
[Black "Hamlett, James Morrison:Hamlett144"]
[Result "0-1"]
[ICCResult "White resigns"]
[WhiteElo "1618"]
[BlackElo "1413"]
[Opening "English: four knights, 4.e3"]
[ECO "A25"]
[NIC "EO.06"]
[Time "14:00:25"]
[PlyCount "106"]
[TimeControl "1800+10"]

1. c4 e5 2. Nc3 Nc6 3. e3 Nf6 4. Nf3 d6 5. d4 Bg4 6. Be2 Nd7 7. O-O f5 8.
dxe5 dxe5 9. h3 Bxf3 10. Bxf3 e4 11. Bh5+ g6 12. Be2 Qh4 13. Nd5 O-O-O 14.
Qe1 Ne7 15. b4 Nxd5 16. cxd5 Bg7 17. Rb1 Nb6 18. Bb2 Bxb2 19. Rxb2 Rxd5 20.
Qc3 Rhd8 21. Rc2 Qe7 22. a4 Qd6 23. a5 Nd7 24. Bc4 Rd1 25. Rxd1 Qxd1+ 26.
Bf1 Qd6 27. Rd2 Qe5 28. Qxe5 Nxe5 29. Rxd8+ Kxd8 30. Be2 b6 31. axb6 axb6
32. Kf1 c5 33. bxc5 bxc5 34. Bb5 Kc7 35. Ke2 Kb6 36. Be8 c4 37. f4 exf3+ 38.
gxf3 Kc5 39. f4 Nc6 40. Bf7 Ne7 41. Kd2 Kb4 42. Kc2 Kc5 43. Kc3 Nd5+ 44. Kd2
c3+ 45. Kd3 c2 46. Kxc2 Nxe3+ 47. Kd3 Nd5 48. Bg8 h6 49. Bf7 Nxf4+ 50. Ke3
g5 51. h4 Ng2+ 52. Kf2 Nxh4 53. Be6 Kd4 {White resigns} 0-1

[Event "ICC tourney 3242 (30 10)"]
[Site "Internet Chess Club"]
[Date "2023.07.22"]
[Round "2"]
[White "WU, DARREN:chessboy111"]
[Black "Howell, Natalie:natalieH"]
[Result "1-0"]
[ICCResult "Black resigns"]
[WhiteElo "1373"]
[BlackElo "980"]
[Opening "Ruy Lopez: Berlin defense"]
[ECO "C65"]
[NIC "RL.07"]
[Time "14:00:31"]
[PlyCount "83"]
[TimeControl "1800+10"]

1. e4 e5 2. Nf3 Nc6 3. Bb5 Nf6 4. d3 d6 5. c3 Bd7 6. O-O Be7 7. Nbd2 O-O 8.
Re1 a6 9. Ba4 Na7 10. Bc2 c6 11. Nf1 Qc7 12. Ng3 Rad8 13. d4 Nc8 14. Qe2 Nb6
15. h3 exd4 16. Nxd4 Rfe8 17. f3 c5 18. Ndf5 Bxf5 19. Nxf5 Qd7 20. Nxe7+
Qxe7 21. Qf2 Nbd7 22. Bf4 Ne5 23. Rad1 Ng6 24. Bh2 Qc7 25. Rd2 Rd7 26. Red1
Red8 27. c4 b5 28. cxb5 axb5 29. b3 b4 30. f4 d5 31. exd5 Rxd5 32. Rxd5 Rxd5
33. Rxd5 Nxd5 34. f5 Ne5 35. f6 gxf6 36. Qf5 Kf8 37. Qxh7 Qd7 38. Bxe5 fxe5
39. Qh8+ Ke7 40. Qxe5+ Kf8 41. Bf5 Qc6 42. Be4 {Black resigns} 1-0